 Dungeon Crawl Stone Soup version 0.31-a0-1338-gb567cfdca4 (webtiles) character file.

Game seed: 15358229966621016447

106 jasper the Caller (level 4, -2/30 HPs)
             Began as a Demonspawn Summoner on Dec 22, 2023.
             Slain by a gnoll
             ... wielding a +0 club
              (6 damage)
             ... on level 3 of the Dungeon.
             The game lasted 00:03:48 (2564 turns).

jasper the Caller (Demonspawn Summoner)             Turns: 2564, Time: 00:03:48

Health: -2/30      AC:  3    Str:  8    XL:     4   Next: 55%
Magic:  6/7        EV: 12    Int: 17    God:
Gold:   142        SH:  0    Dex: 14    Spells: 2/7 levels left

rFire   . . .        d - +1 hand axe
rCold   . . .        (no shield)
rNeg    . . .        a - +0 robe
rPois   .            (no helmet)
rElec   .            (no cloak)
rCorr   .            j - +0 pair of gloves
SInv    +            (no boots)
Will    .....        (no amulet)
Stlth   ++           m - ring of see invisible
HPRegen 0.25/turn    (no ring)
MPRegen 0.20/turn

%: no passive effects
@: inugami summoned
A: magic regeneration, demonic touch 1
a: no special abilities


You were on level 3 of the Dungeon.
You visited 1 branch of the dungeon, and saw 3 of its levels.

You collected 142 gold pieces.

Inventory:

Hand Weapons
 d - a +1 hand axe (weapon)
Missiles
 e - 5 poisoned darts
Armour
 a - a +0 robe (worn)
 h - a +0 ring mail
 j - a +0 pair of gloves (worn)
Jewellery
 m - a ring of see invisible (left hand)
Potions
 b - a potion of magic
 c - a potion of curing {unknown}
 g - 2 potions of degeneration {unknown}
 k - 2 potions of attraction {unknown}
 l - a potion of enlightenment {unknown}


   Skills:
 - Level 1.7 Dodging
 - Level 1.7 Stealth
 - Level 2.0 Spellcasting
 + Level 6.0 Summonings


You had 2 spell levels left.
You knew the following spells:

 Your Spells              Type           Power      Damage    Failure   Level
b - Call Imp              Summ           44%        N/A       2%          2
c - Call Canine Familiar  Summ           22%        N/A       4%          3

Your spell library contained the following spells:

 Spells                   Type           Power      Damage    Failure   Level
 Summon Small Mammal      Summ           88%        N/A       1%          1
 Summon Guardian Golem    Hex/Summ       12%        N/A       17%         3
 Summon Lightning Spire   Summ/Air       12%        N/A       50%         4


Dungeon Overview and Level Annotations

Branches:
Dungeon (3/15)

Altars:

Shops:
D:2 =


Innate Abilities, Weirdness & Mutations

You regenerate magic rapidly.
Your touch may inflict minor irresistible damage on your foes.


Message History

You take 2 damage, and have 28/30 hp.
You barely miss the ball python.
You touch the ball python.
You kill the ball python!
There is a stone staircase leading down here.
Found a trident.
Health restored: 30 A gnoll comes into view.
It is wielding a +0 halberd.
A gnoll is nearby!
Casting: Call Canine Familiar (dangerous; 4% risk of failure)
Confirm with . or Enter, or press ? or * to list all spells.
You call for your canine familiar and it appears with a howl!
You now have 4/7 mp.
A gnoll comes into view. It is wielding a +0 club.
The gnoll shouts!
A gnoll comes into view. It is wielding a +0 club.
The gnoll shouts!
The gnoll closely misses you.
You swap places.
You hit the gnoll.
The gnoll is moderately wounded.
A quokka comes into view.
The gnoll closely misses you.
You hit the gnoll.
The gnoll is severely wounded.
The gnoll misses you. The gnoll hits you with a +0 club!
Your inugami misses the gnoll.
You take 8 damage, and have 22/30 hp.
MASSIVE DAMAGE!!
You hit the gnoll.
You kill the gnoll!
The gnoll misses you.
Your inugami barely misses the gnoll.
The gnoll hits you with a +0 club. The gnoll barely misses you.
Your Summonings skill increases to level 6!
You take 4 damage, and have 18/30 hp.
You hit the gnoll.
The gnoll is heavily wounded.
Your inugami barely misses the gnoll.
The gnoll hits you from afar with a +0 halberd!
* * * LOW HITPOINT WARNING * * *
The gnoll hits you with a +0 club.
You die...

#.#.# #.........##
#.#.##...........# #
#.#...............
#.#.................
#...................
####........(.......
#...................
#...................
#..@)...............
##.gh...............
#..g..............[
#....r......
............
.............
.....#.......
.....##.....


You could see 2 gnolls, a quokka and a friendly inugami (summoned).

Vanquished Creatures
  A gnoll (D:3)
  An adder (D:2)
  A worm (D:2)
  A dart slug (D:3)
  3 ball pythons
  3 endoplasms
  A goblin (D:1)
  8 hobgoblins
  2 jackals (D:1)
  A quokka (D:1)
  3 bats
  2 frilled lizards
  A kobold (D:3)
  4 rats (D:1)
32 creatures vanquished.

Vanquished Creatures (collateral kills)
  3 gnolls (D:3)
  A dart slug (D:2)
  A ball python (D:1)
  An endoplasm (D:1)
  A giant cockroach (D:1)
  2 goblins
  A hobgoblin (D:2)
  2 jackals (D:1)
  A kobold (D:1)
  2 quokkas
  A frilled lizard (D:1)
  A rat (D:1)
17 creatures vanquished.

Grand Total: 49 creatures vanquished

Notes
Turn   | Place    | Note
-------+----------+-------------------------------------------
     0 | D:1      | jasper the Demonspawn Summoner began the quest for the Orb.
     0 | D:1      | Reached XP level 1. HP: 13/13 MP: 3/3
   398 | D:1      | Gained mutation: You regenerate magic rapidly. [demonic
                  | ancestry]
   398 | D:1      | Reached XP level 2. HP: 17/19 MP: 0/5
   401 | D:1      | Learned a level 2 spell: Call Imp
  1160 | D:2      | Found Ukheydesh's Jewellery Emporium.
  1175 | D:2      | Reached skill level 5 in Summonings
  1236 | D:2      | Reached XP level 3. HP: 16/24 MP: 3/6
  1240 | D:2      | Learned a level 3 spell: Call Canine Familiar
  2434 | D:3      | Gained mutation: Your touch may inflict minor irresistible
                  | damage on your foes. [demonic ancestry]
  2434 | D:3      | Reached XP level 4. HP: 30/30 MP: 4/7
  2564 | D:3      | Reached skill level 6 in Summonings
  2564 | D:3      | Slain by a gnoll

Illustrated notes

Levels and vault maps discovered:
D:1:      amcnicky_arrival_abandoned_market, layout_basic
D:2:      layout_basic, serial_shops, shop, st_stairs_4
D:3:      layout_basic, nicolae_ru_sacrificial_ziggurat,
          mainiacjoe_overflow_alcove_2, shapermc_ecumenical_altar_mp_highgroup

Skill      XL: |  1  2  3  4 |
---------------+-------------+-----
Summonings     | 5 6 |  6.0
Dodging        | |  1.7
Stealth        | |  1.7
Spellcasting   | |  2.0

Action                     |  1- 3 |  4- 6 || total
---------------------------+-------+-------++-------
  Melee: Unarmed           |     9 |       ||     9
         Hand axe          |   109 |     9 ||   118
         Touch             |       |     1 ||     1
   Cast: Summon Small Mamm |    16 |       ||    16
         Call Imp          |    17 |       ||    17
         Call Canine Famil |     1 |     1 ||     2
    Use: Scroll            |     5 |       ||     5
   Stab: Sleeping          |     3 |       ||     3
 Armour: Robe              |    86 |    11 ||    97
  Dodge: Dodged            |    82 |     5 ||    87

Table legend: (Time is in decaauts)
 A = Elapsed time spent in this place.
 B = Non-inter-level travel time spent in this place.
 C = Inter-level travel time spent in this place.
 D = Time resting spent in this place.
 E = Time spent auto-exploring this place.
 F = Levels seen in this place.
 G = Mean time per level.
                   A        B        C        D        E       F      G
               +--------+--------+--------+--------+--------+-----+--------+
         Total |   2597 |   2487 |    110 |      0 |   1962 |   3 |  865.7 |
       Dungeon |   2597 |   2487 |    110 |      0 |   1962 |   3 |  865.7 |
               +--------+--------+--------+--------+--------+-----+--------+

Top non-repeatable levels by time:
     D:1: 1117 daAuts
     D:2: 1081 daAuts
     D:3: 398 daAuts
